Map: Ruins of Endion

Players

Miszu - Winner!

  • Race: Terran Terran
  • League: Master

Nesnow

  • Race: Terran Terran
  • League: Grandmaster

VOD

Have the link to the VOD?

Description

Time

  • Played on: April 11, 2016, 3:48 p.m.
  • Length: 10:08
Show
View Real Time Build Order
Export as new Build Order

Miszu Terran - Winner!

Build Orders: 1/1/1, MMM Bio 

Get SALT Encoding   

  12  0:00  SCV  
  13  0:13  SCV  
  14  0:18  Supply Depot  
  14  0:25  SCV  
  15  0:35  Refinery  
  15  0:39  SCV  
  16  0:46  Barracks  
  16  0:52  SCV  
  17  1:04  SCV  
  18  1:16  SCV  
  20  1:36  Factory, Orbital Command  
  20  1:37  Marine  
  20  1:41  Supply Depot  
  20  1:55  Marine  
  21  2:01  SCV  
  22  2:13  Marine  
  23  2:17  SCV  
  23  2:21  Hellion  
  23  2:22  Supply Depot, Starport  
  27  2:30  SCV  
  27  2:31  Marine, Refinery  
  28  2:42  SCV  
  29  2:51  Marine  
  30  2:52  Hellion  
  30  2:54  SCV  
  33  2:59  Medivac  
  33  3:00  Engineering Bay  
  33  3:02  Supply Depot  
  35  3:06  SCV  
  35  3:09  Marine  
  37  3:14  Hellion  
  39  3:24  SCV  
  39  3:26  Supply Depot  
  40  3:32  Barracks Reactor  
  40  3:36  SCV  
  40  3:39  Viking, Factory Tech Lab  
  43  3:48  SCV  
  44  4:13  Marine  
  44  4:14  Marine, Siege Tank  
  44  4:16  SCV  
  50  4:22  Command Center  
  49  4:28  SCV  
  48  4:32  Marine x2  
  50  4:40  SCV  
  50  4:45  Viking  
  53  4:52  SCV  
  54  4:59  Marine  
  55  5:14  Barracks  
  55  5:17  Marine x2, SCV  
  55  5:18  Barracks  
  58  5:21  Starport Reactor  
  58  5:30  SCV  
  58  5:34  Marine  
  58  5:35  Marine  
  61  5:37  Orbital Command  
  61  5:42  SCV  
  62  5:49  Terran Infantry Weapons Level 1  
  62  5:54  SCV  
  64  5:59  Siege Tank  
  64  6:02  Medivac  
  66  6:04  Barracks Tech Lab  
  66  6:07  SCV  
  66  6:09  Barracks Tech Lab, Medivac  
  69  6:12  SCV  
  69  6:15  Marine  
  71  6:19  SCV  
  71  6:21  Refinery  
  71  6:24  SCV  
  71  6:25  Stimpack  
  73  6:29  Combat Shields  
  73  6:30  Marine  
  73  6:31  SCV  
  75  6:34  Marine  
  75  6:35  Marine  
  75  6:37  Marine  
  78  6:59  Barracks  
  78  7:00  Barracks  
  78  7:04  Supply Depot, Marine x2  
  78  7:05  Supply Depot  
  78  7:08  Refinery  
  78  7:11  Supply Depot  
  76  7:16  Marine  
  76  7:17  Marine  
  76  7:22  Supply Depot  
  78  7:26  Marine, Medivac x2, SCV x2  
  85  7:34  Factory Tech Lab  
  85  7:35  Supply Depot  
  85  7:38  SCV x2  
  87  7:50  SCV x2  
  89  7:54  Marine x2  
  89  7:55  Barracks Reactor  
  92  7:58  Marine x2  
  92  8:02  SCV  
  92  8:03  Barracks Reactor, Siege Tank  
  92  8:04  Supply Depot, Medivac x2  
  101  8:11  Marine  
  102  8:14  Supply Depot  
  102  8:16  Marine x2  
  102  8:17  Marine  
  105  8:29  Marine  
  105  8:34  Marine x3, Medivac  
  104  8:35  Siege Tank  
  93  8:42  Marine  
  93  8:43  Marine  
  93  8:46  Marine x2  
  93  8:47  Marine  
  94  8:52  Marine x3  
  97  9:00  Marine  
  97  9:01  Marine  
  95  9:03  Marine  
  95  9:04  Marine  
  95  9:05  Marine  
  95  9:09  Marine x2  
  95  9:10  Marine  
  95  9:11  Siege Tank  
  95  9:15  Medivac  
  103  9:18  Marine  
  103  9:19  Marine  
  103  9:21  Marine  
  103  9:22  Marine  
  103  9:23  Marine  
  108  9:26  Command Center  
  108  9:27  Marine x2  
  111  9:37  Engineering Bay  
  110  9:42  Marine  
  110  9:43  Marine  
  112  9:46  Marine x2  
  112  9:48  Armory  
Show
View Real Time Build Order
Export as new Build Order

Nesnow Terran 

Build Orders: 1/1/1, MMM Bio 

Get SALT Encoding   

  12  0:01  SCV  
  13  0:13  SCV  
  14  0:18  Supply Depot  
  14  0:25  SCV  
  15  0:39  SCV  
  15  0:40  Barracks  
  16  0:43  Refinery  
  16  0:50  Refinery  
  16  0:53  SCV  
  17  1:05  SCV  
  18  1:17  SCV  
  19  1:27  Marine  
  19  1:28  Supply Depot  
  19  1:31  Orbital Command  
  20  1:42  Factory  
  20  1:50  Barracks Reactor  
  20  1:57  SCV  
  21  2:01  Supply Depot  
  21  2:09  SCV  
  23  2:26  Hellion  
  23  2:27  Marine x2  
  23  2:29  Starport, SCV  
  27  2:38  Supply Depot  
  27  2:42  SCV  
  28  2:45  Marine x2  
  28  2:50  Widow Mine  
  32  2:54  SCV  
  33  3:04  Marine x2  
  35  3:06  SCV  
  38  3:13  Supply Depot  
  38  3:17  Viking  
  38  3:20  Factory Tech Lab  
  38  3:22  SCV  
  38  3:25  Marine  
  40  3:28  Marine  
  41  3:37  SCV  
  42  3:42  Cyclone  
  42  3:47  Marine  
  46  3:49  SCV  
  47  3:56  Viking  
  46  4:12  Marine  
  46  4:13  Marine  
  46  4:15  Cyclone  
  50  4:29  Supply Depot  
  50  4:30  Supply Depot  
  46  4:32  Marine  
  47  4:51  Supply Depot, Viking, Marine, Siege Tank  
  53  4:54  Marine  
  54  5:17  Command Center  
  54  5:27  SCV  
  54  5:28  Siege Tank  
  57  5:44  SCV  
  58  5:53  Barracks  
  58  5:55  Barracks Tech Lab  
  58  5:57  Barracks  
  58  6:04  SCV  
  59  6:07  Siege Tank  
  62  6:15  Marine  
  62  6:16  Starport Reactor, Stimpack  
  63  6:18  SCV  
  63  6:22  Supply Depot  
  64  6:33  SCV  
  64  6:39  Siege Tank  
  67  6:45  Barracks Reactor, Marine  
  67  6:46  SCV  
  68  6:48  Orbital Command  
  68  6:52  Marine  
  68  6:53  Marine  
  70  7:06  Starport Reactor  
  70  7:08  SCV  
  71  7:11  Siege Tank  
  71  7:14  Marine  
  71  7:15  Marine x2  
  75  7:17  SCV  
  75  7:20  SCV  
  75  7:21  Barracks  
  77  7:25  Barracks  
  77  7:37  Engineering Bay, Marine x2  
  77  7:38  Marine  
  77  7:39  Engineering Bay  
  77  7:40  Marine x2  
  82  7:48  Medivac x2  
  86  7:54  Refinery  
  86  7:55  Refinery  
  86  7:57  Supply Depot  
  86  7:58  SCV  
  87  8:05  Terran Infantry Weapons Level 1, Terran Infantry Armor Level 1  
  87  8:09  SCV  
  87  8:11  Marine x4  
  92  8:14  SCV  
  92  8:17  Barracks Reactor  
  93  8:28  Combat Shields  
  91  8:34  Marine x2  
  91  8:38  Marine x3  
  80  8:45  Marine x2  
  69  8:52  Marine  
  64  9:02  Marine x3  
  60  9:06  SCV  
  60  9:07  SCV  
  60  9:08  Marine x2  
  60  9:09  Marine x3  
  68  9:11  Medivac  
  68  9:13  Medivac  
  72  9:17  Marine  
  73  9:28  Marine x2  
  73  9:30  Marine x2  
  77  9:39  Marine  
  77  9:40  Marine x2  
  77  9:44  Marine x2  
  84  9:46  Marine x2  
Tags
 
Add a new tag
Caveats
  • Supply blocks, unpowered buildings, or Contaminate may cause inaccurate times.
  • Supply counts are checked every 10 seconds.